AoeStats
← Trace9226

Nomad

503401178Analyzed
1v1 RM · 1mo ago on Aug 31, 2026· 46m 28s· 2 players
Game mode
Random Map
Map size
126×126
Population
200
Speed
Normal
Resources
Standard
Victory
Conquest
Starting age
Dark Age
Ending age
Imperial Age
RankedLock teamsTeams togetherTeam positionsShared explorationLock speedFull tech treeHidden civsTurbo modeCheats
Victory
Defeat
🇩🇪 Inca · Germany
1003
+15
🇨🇿 Dravidians · Czechia
992
-15
Trace9226
4:06 Loom
15:23 Feudal Age
19:44 Man-at-Arms
20:10 Arson
22:18 Horse Collar
26:12 Scale Mail Armor
29:07 Castle Age
29:32 Long Swordsman
29:58 Gambesons
30:13 Squires
31:17 Heavy Plow
31:41 Chain Mail Armor
31:36 Forging
32:06 Fletching
34:05 Iron Casting
33:57 Double-Bit Axe
35:08 Medium Warships
39:05 Imperial Age
38:02 Wheelbarrow
39:07 Two-Handed Swordsman
40:20 Plate Mail Armor
40:50 Blast Furnace
40:05 Champion
42:27 Stone Mining
42:32 Gold Mining
42:34 Stone Mining
44:21 Bow Saw
45:23 Bodkin Arrow
46:24 Elite Skirmisher
Blafro
5:04 Loom
12:01 Feudal Age
12:32 Double-Bit Axe
18:20 Castle Age
15:46 Champi Runner
18:09 Scale Mail Armor
18:30 Gold Mining
21:37 Horse Collar
23:08 Champi Warrior
25:18 Squires
25:39 Stone Mining
27:36 Chain Mail Armor
32:31 Wheelbarrow
35:25 Imperial Age
33:38 Forging
33:48 Fletching
34:52 Arson
37:06 Conscription
37:50 Gold Shaft Mining
37:50 Stone Shaft Mining
37:50 Heavy Plow
38:00 Bow Saw
37:37 Elite Champi Warrior
40:55 Plate Mail Armor
41:01 Iron Casting
40:22 Bodkin Arrow
40:48 Medium Warships
40:52 Crossbowman
41:38 Thumb Ring
42:03 Padded Archer Armor
42:36 Arbalester
44:10 Bracer
46:09 Leather Archer Armor
Connection lost

Rejoining the realm…

Still unreachable

The connection could not be restored.

Session expired

The server has moved on; the page needs a fresh start.